 Dungeon Crawl Stone Soup version 0.29.1-2-gbd0b4ee654 (webtiles) character file.

Game seed: 6792383625557576647

162 H0rd4k the Charlatan (level 5, -1/34 HPs)
             Began as an Octopode Artificer on Nov 4, 2022.
             Slain by an orc
             ... wielding a +0 flail
              (4 damage)
             ... on level 4 of the Dungeon.
             The game lasted 00:03:06 (2513 turns).

H0rd4k the Charlatan (Octopode Artificer)           Turns: 2513, Time: 00:03:06

Health: -1/34      AC:  1    Str: 11    XL:     5   Next: 43%
Magic:  5/5        EV: 11    Int: 15    God:
Gold:   138        SH:  0    Dex: 13    Spells: 4/4 levels left

rFire   . . .      SeeInvis .     - Unarmed
rCold   . . .      Faith    .   (no shield)
rNeg    . . .      Spirit   .   (helmet restricted)
rPois   .          Reflect  .   (no amulet)
rElec   .          Harm     .   (no ring)
rCorr   .          Rampage  .   (no ring)
Will    .....                   (no ring)
Stlth   +++.......              (no ring)
HPRegen 0.11/turn               (no ring)
MPRegen 0.09/turn               (no ring)
                                (no ring)
                                (no ring)

@: constricted
A: almost no armour, amphibious, 8 rings, camouflage 1, gelatinous body 1,
(nimble swimmer 1), tentacles
a: no special abilities


You were on level 4 of the Dungeon.
You visited 1 branch of the dungeon, and saw 4 of its levels.

You collected 138 gold pieces.

Inventory:

Missiles
 n - 4 poisoned darts
Wands
 b - a wand of flame (9) (quivered)
 d - a wand of iceblast (4)
Scrolls
 a - 2 scrolls of brand weapon {unknown}
 e - 3 scrolls of identify {unknown}
 g - 2 scrolls of teleportation {unknown}
 j - a scroll of enchant weapon {unknown}
Potions
 h - a potion of heal wounds {unknown}
 i - a potion of flight {unknown}
 k - a potion of brilliance {unknown}
 l - a potion of cancellation {unknown}
 m - a potion of haste {unknown}


   Skills:
 + Level 1.7 Fighting
 + Level 3.3 Dodging
 - Level 1.3 Stealth
 + Level 3.0 Unarmed Combat
 + Level 4.4 Evocations


You had 4 spell levels left.
You didn't know any spells.
Your spell library contained the following spells:

 Spells                   Type           Power      Damage    Failure   Level
 Sublimation of Blood     Necr           0%         N/A       38%         2
 Wereblood                Tmut           0%         N/A       38%         2
 Summon Hydra             Summ           0%         N/A       100%        7


Dungeon Overview and Level Annotations

Branches:
Dungeon (4/15)             Temple (0/1) D:4

Altars:

Annotations:
D:3 Grinder
D:4 exclusion: upstairs, Eustachio


Innate Abilities, Weirdness & Mutations

You cannot wear most types of armour.
You are amphibious.
You can wear up to eight rings at the same time.
Your skin changes colour to match your surroundings (Stealth+).
Your rubbery body absorbs attacks. (AC +1, EV +1)
((You are camouflaged when in or above water. (Stealth+)))
You have tentacles for arms and can constrict up to eight enemies at once.


Message History

The puff of flame hits the orc wizard.
The orc wizard is lightly wounded.
The orc shouts!
You hear a shout!
The orc wizard hits you with a +0 dagger.
* * * LOW HITPOINT WARNING * * *
It was a potion of curing.
You feel better. The orc wizard barely misses you.
Aiming: Throw Flame
Press: ? - help, Shift-Dir - straight line, f/p - orc wizard
Aim: an orc wizard, wielding a +0 dagger and wearing a +0 robe (lightly wounded, 67% to hit)
The puff of flame hits the orc wizard.
The orc wizard is heavily wounded.
The orc wizard hits you with a +0 dagger.
* * * LOW HITPOINT WARNING * * *
Aiming: Throw Flame
Press: ? - help, Shift-Dir - straight line, f/p - orc wizard
Aim: an orc wizard, wielding a +0 dagger and wearing a +0 robe (heavily wounded, 67% to hit)
The puff of flame hits the orc wizard.
The orc wizard is almost dead.
The orc wizard barely misses you.
Aiming: Throw Flame
Press: ? - help, Shift-Dir - straight line, f/p - orc wizard
Aim: an orc wizard, wielding a +0 dagger and wearing a +0 robe (almost dead, 67% to hit)
The puff of flame misses the orc wizard.
The ball python barely misses you. x2; The orc wizard closely misses you.
The ball python closely misses you. The ball python barely misses you.
Aiming: Throw Flame
Press: ? - help, Shift-Dir - straight line, f/p - orc wizard
Aim: an orc wizard, wielding a +0 dagger and wearing a +0 robe (almost dead, 67% to hit)
The puff of flame misses the orc wizard.
The orc wizard barely misses you. The ball python bites you.
* * * LOW HITPOINT WARNING * * *
The ball python grabs you. The ball python constricts you.
* * * LOW HITPOINT WARNING * * *
Aiming: Throw Flame
Press: ? - help, Shift-Dir - straight line, f/p - orc wizard
Aim: an orc wizard, wielding a +0 dagger and wearing a +0 robe (almost dead, 67% to hit)
The puff of flame hits the orc wizard.
The orc wizard is almost dead.
The orc hits you with a +0 flail.
You die...

#.. ##### #...
#...##
#...##@...#
#....oSo.##
#.....o†.##
#.....)...+
#...##...##
+...##...#
#...##...# ###+
#...##...##
#...##.........#


You could see an orc wizard, 2 orcs and a ball python.

Vanquished Creatures
  An orc wizard (D:4)
  2 adders
  2 worms (D:4)
  A dart slug (D:2)
  An orc (D:4)
  3 endoplasms (D:1)
  4 giant cockroaches
  2 goblins (D:2)
  3 hobgoblins
  2 jackals (D:2)
  2 quokkas (D:1)
  4 ball pythons
  3 bats
  4 frilled lizards
  3 kobolds
  4 rats
41 creatures vanquished.

Vanquished Creatures (collateral kills)
  A necrophage (D:4)
  An orc (D:4)
  A kobold (D:4)
3 creatures vanquished.

Vanquished Creatures (others)
  An orc priest (D:4)
  4 orcs (D:4)
5 creatures vanquished.

Grand Total: 49 creatures vanquished

Notes
Turn   | Place    | Note
-------+----------+-------------------------------------------
     0 | D:1      | H0rd4k the Octopode Artificer began the quest for the Orb.
     0 | D:1      | Reached XP level 1. HP: 13/13 MP: 1/1
   406 | D:1      | Reached XP level 2. HP: 18/18 MP: 2/2
  1358 | D:2      | Reached skill level 1 in Unarmed Combat
  1363 | D:2      | Reached XP level 3. HP: 9/23 MP: 3/3
  1703 | D:2      | Reached skill level 4 in Evocations
  2186 | D:3      | Found a faded altar of an unknown god.
  2326 | D:3      | Noticed Grinder
  2400 | D:4      | Noticed a necrophage
  2404 | D:4      | Reached XP level 4. HP: 23/28 MP: 4/4
  2426 | D:4      | Found a staircase to the Ecumenical Temple.
  2430 | D:4      | Noticed Eustachio
  2449 | D:4      | Killed a necrophage
  2450 | D:4      | Reached XP level 5. HP: 8/33 MP: 5/5
  2452 | D:4      | Noticed an ogre
  2513 | D:4      | Slain by an orc

Illustrated notes

Levels and vault maps discovered:
D:1:      psy_arrival_whirlpool, layout_loops_ring, serial_forest,
          infiniplex_forest_clump_tiny, infiniplex_forest_lined_3,
          infiniplex_forest_straight_3, infiniplex_forest_end_double,
          infiniplex_forest_zigzag_1, infiniplex_forest_corner_2,
          infiniplex_forest_straight_3, infiniplex_forest_lined_2, hex_medium
D:2:      layout_basic
D:3:      layout_loops_corners, grunt_temple_overflow_order_and_chaos_2,
          nicolae_ecumenical_pavilion, uniq_grinder
D:4:      layout_gridville, minmay_temple_entry_junction,
          nicolae_ossuary_entry_monument, st_stairs_2, minivault_4,
          uniq_eustachio

Skill      XL: |  1  2  3  4  5 |
---------------+----------------+-----
Unarmed Combat | 1 2 3 |  3.0
Evocations     | 4 |  4.4
Dodging        | 3 |  3.3
Fighting       | |  1.7
Stealth        | |  1.3

Action                   |  1- 3 |  4- 6 || total
-------------------------+-------+-------++-------
Melee: Unarmed           |   101 |       ||   101
       Constrict         |    31 |       ||    31
       Tentacles         |    22 |       ||    22
       Punch             |     3 |       ||     3
Evoke: Wand              |       |    22 ||    22
  Use: Potion            |       |     1 ||     1
 Stab: Sleeping          |    15 |       ||    15
Armor: Skin              |     8 |     2 ||    10
Dodge: Dodged            |    55 |    12 ||    67
